Match 45273174
Unlisted

Match 45273174
End
Engineer Squad
Construct Barracks
Selects Advanced Infantry Battlegroup
Riflemen Squad
Engineer Squad
Grenade Package
Riflemen Squad
Selects Convert to Ranger Squad
Convert to Ranger Squad
Riflemen Squad
Selects Artillery Observers
Construct Medical Station
Generick
POUP
CosmicSpire
DrinkIIScotch
nub
[82AD] Janko
0
0

Comments sign in to comment!

No comments posted yet!